TOP OF THE 1ST |
Colorado Rockies batting - Pitching for Los Angeles Dodgers : RHP Marcus Stroman
|
Pitching: RHP Marcus Stroman
|
|
Batting: RHB Christian Lopes
|
0-0: Called Strike 0-1: Ball 1-1: Bunt for hit to 23 - play at first, batter OUT! 3-4
|
Batting: SHB Victor Reyes
|
0-0: Ball 1-0: Ground out U3 (Groundball, 34, EV 90.0 MPH)
|
Batting: LHB Shohei Ohtani
|
0-0: Foul Ball, location: 2F 0-1: Ball 1-1: Fly out, F5 (Line Drive, 5, EV 70.6 MPH)
|
Top of the 1st over - 0 runs, 0 hits, 0 errors, 0 left on base; Colorado 0 - Los Angeles 0 |
BOTTOM OF THE 1ST |
Los Angeles Dodgers batting - Pitching for Colorado Rockies : RHP Brad Keller
|
Pitching: RHP Brad Keller
|
|
Batting: RHB Mookie Betts
|
0-0: Ground out 6-3 (Groundball, 6, EV 106.9 MPH)
|
Batting: LHB Ji-man Choi
|
0-0: Swinging Strike 0-1: Ground out 5-3 (Groundball, 56, EV 91.9 MPH)
|
Batting: LHB Michael Brantley
|
0-0: Fly out, F9 (Flyball, 89D, EV 94.4 MPH)
|
Bottom of the 1st over - 0 runs, 0 hits, 0 errors, 0 left on base; Colorado 0 - Los Angeles 0 |
TOP OF THE 2ND |
Colorado Rockies batting - Pitching for Los Angeles Dodgers : RHP Marcus Stroman
|
Batting: RHB Michael Brosseau
|
0-0: Called Strike 0-1: SINGLE (Line Drive, 8RS, EV 110.6 MPH)
|
Batting: RHB Orlando Arcia
|
0-0: Called Strike 0-1: Ball 1-1: Foul Ball, location: 2F 1-2: SINGLE (Groundball, 4D, EV 102.5 MPH) Michael Brosseau to second Runner from 2nd tries for 3rd, SAFE, no throw by RF
|
Batting: RHB Jake Rogers
|
0-0: Ball 1-0: Called Strike 1-1: Ball 2-1: Ball 3-1: Swinging Strike 3-2: Foul Ball, location: 2F 3-2: Strikes out swinging Orlando Arcia steals 2nd base Batter strikes out.
|
Batting: RHB Jorge Mateo
|
0-0: Ball 1-0: Swinging Strike 1-1: Called Strike 1-2: Strikes out looking
|
Batting: LHB CJ Alexander
|
0-0: Foul Ball, location: 2F 0-1: Called Strike 0-2: Ground out 4-3 (Groundball, 34D, EV 101.3 MPH)
|
Top of the 2nd over - 0 runs, 2 hits, 0 errors, 2 left on base; Colorado 0 - Los Angeles 0 |
BOTTOM OF THE 2ND |
Los Angeles Dodgers batting - Pitching for Colorado Rockies : RHP Brad Keller
|
Batting: RHB Jonathan Schoop
|
0-0: Ball 1-0: Ground out 4-3 (Groundball, P, EV 87.5 MPH)
|
Batting: SHB Eduardo Escobar
|
0-0: Foul Ball, location: 2F 0-1: Ball 1-1: Foul Ball, location: 2F 1-2: Strikes out swinging
|
Batting: RHB Randal Grichuk
|
0-0: Ball 1-0: Ball 2-0: Called Strike 2-1: SINGLE (Line Drive, 89S, EV 96.3 MPH)
|
Batting: RHB Mike Zunino
|
0-0: Called Strike Randal Grichuk is caught stealing 2nd base 2-4
|
Bottom of the 2nd over - 0 runs, 1 hit, 0 errors, 0 left on base; Colorado 0 - Los Angeles 0 |
TOP OF THE 3RD |
Colorado Rockies batting - Pitching for Los Angeles Dodgers : RHP Marcus Stroman
|
Batting: RHB Brad Keller
|
0-0: SINGLE (Line Drive, 9S, EV 103.1 MPH)
|
Batting: RHB Christian Lopes
|
0-0: Ball 1-0: DOUBLE (Line Drive, 9LM, EV 108.8 MPH) Brad Keller to third
|
Batting: SHB Victor Reyes
|
0-0: Ball 1-0: Ball 2-0: Ground out 4-3 (Groundball, 4, EV 80.6 MPH) Brad Keller scores Christian Lopes to third
|
Batting: LHB Shohei Ohtani
|
0-0: Ball 1-0: Ball 2-0: Ball 3-0: Called Strike 3-1: Foul Ball, location: 2F 3-2: Foul Ball, location: 2F 3-2: Fly out, F8 (Flyball, 8LM, EV 97.5 MPH) Runner from 3rd tags up, SCORES, throw by CF
|
Batting: RHB Michael Brosseau
|
0-0: Ground out 5-3 (Groundball, 5L, EV 91.3 MPH)
|
Top of the 3rd over - 2 runs, 2 hits, 0 errors, 0 left on base; Colorado 2 - Los Angeles 0 |
BOTTOM OF THE 3RD |
Los Angeles Dodgers batting - Pitching for Colorado Rockies : RHP Brad Keller
|
Batting: RHB Mike Zunino
|
0-0: Called Strike 0-1: Ball 1-1: Foul Ball, location: 2F 1-2: Foul Ball, location: 2F 1-2: Fly out, F7 (Flyball, 7D, EV 90.0 MPH)
|
Batting: SHB Richard Urena
|
0-0: SINGLE (Line Drive, 78S, EV 105.6 MPH)
|
Batting: RHB Marcus Stroman
|
0-0: Bunt - Flyout to 25! F5
|
Batting: RHB Mookie Betts
|
0-0: DOUBLE (Flyball, 78D, EV 103.8 MPH) Richard Urena to third Runner from 3rd tries for Home, SAFE, no throw by LF
|
Batting: LHB Ji-man Choi
|
0-0: Called Strike 0-1: Called Strike 0-2: Ball 1-2: Ball 2-2: Foul Ball, location: 2F 2-2: Fly out, F8 (Line Drive, 8RM, EV 90.6 MPH)
|
Bottom of the 3rd over - 1 run, 2 hits, 0 errors, 1 left on base; Colorado 2 - Los Angeles 1 |
TOP OF THE 4TH |
Colorado Rockies batting - Pitching for Los Angeles Dodgers : RHP Marcus Stroman
|
Batting: RHB Orlando Arcia
|
0-0: Ball 1-0: Ball 2-0: Called Strike 2-1: Fly out, F8 (Flyball, 78XD, EV 108.8 MPH)
|
Batting: RHB Jake Rogers
|
0-0: Ball 1-0: Foul Ball, location: 2F 1-1: Foul Ball, location: 2F 1-2: Ball 2-2: Ground out 6-3 (Groundball, 6S, EV 84.4 MPH)
|
Batting: RHB Jorge Mateo
|
0-0: Ball 1-0: Swinging Strike 1-1: Foul Ball, location: 2F 1-2: SINGLE (Groundball, 56S, EV 65.6 MPH) (infield hit)
|
Batting: LHB CJ Alexander
|
0-0: Ball Jorge Mateo is caught stealing 2nd base 2-6
|
Top of the 4th over - 0 runs, 1 hit, 0 errors, 0 left on base; Colorado 2 - Los Angeles 1 |
BOTTOM OF THE 4TH |
Los Angeles Dodgers batting - Pitching for Colorado Rockies : RHP Brad Keller
|
Batting: LHB Michael Brantley
|
0-0: Called Strike 0-1: Foul Ball, location: 2F 0-2: Foul Ball, location: 2F 0-2: Ball 1-2: Ball 2-2: Ball 3-2: Foul Ball, location: 2F 3-2: Fly out, F7 (Line Drive, 7, EV 88.1 MPH)
|
Batting: RHB Jonathan Schoop
|
0-0: Ball 1-0: Called Strike 1-1: Foul Ball, location: 2F 1-2: Fly out, F7 (Flyball, 7S, EV 75.6 MPH)
|
Batting: SHB Eduardo Escobar
|
0-0: Called Strike 0-1: Swinging Strike 0-2: Ground out U3 (Groundball, 34, EV 92.5 MPH)
|
Bottom of the 4th over - 0 runs, 0 hits, 0 errors, 0 left on base; Colorado 2 - Los Angeles 1 |
TOP OF THE 5TH |
Colorado Rockies batting - Pitching for Los Angeles Dodgers : RHP Marcus Stroman
|
Batting: LHB CJ Alexander
|
0-0: SOLO HOME RUN (Flyball, 9D, EV 108.1 MPH), Distance : 379 ft
|
Batting: RHB Brad Keller
|
0-0: Reached on error, E5 (Groundball, 5S, EV 75.6 MPH)
|
Batting: RHB Christian Lopes
|
0-0: SINGLE (Line Drive, 78S, EV 112.5 MPH) Brad Keller to second
|
Batting: SHB Victor Reyes
|
0-0: Fly out, F9 (Line Drive, 9, EV 87.5 MPH) Lined into DP, 9-6 (Line Drive, 9, EV 87.5 MPH)
|
Batting: LHB Shohei Ohtani
|
0-0: Called Strike 0-1: Foul Ball, location: 2F 0-2: Foul Ball, location: 2F 0-2: Foul Ball, location: 2F 0-2: Ball 1-2: Ball 2-2: Fly out, F9 (Flyball, 9S, EV 88.8 MPH)
|
Top of the 5th over - 1 run, 2 hits, 1 error, 1 left on base; Colorado 3 - Los Angeles 1 |
BOTTOM OF THE 5TH |
Los Angeles Dodgers batting - Pitching for Colorado Rockies : RHP Brad Keller
|
Batting: RHB Randal Grichuk
|
0-0: Called Strike 0-1: Called Strike 0-2: Ball 1-2: Ball 2-2: SOLO HOME RUN (Flyball, 78XD, EV 105.6 MPH), Distance : 480 ft
|
Batting: RHB Mike Zunino
|
0-0: Ball 1-0: Called Strike 1-1: Swinging Strike 1-2: Ball 2-2: Ball 3-2: Ground out 6-3 (Groundball, 6, EV 105.0 MPH)
|
Batting: SHB Richard Urena
|
0-0: Ground out 6-3 (Groundball, 6, EV 75.6 MPH)
|
Batting: RHB Marcus Stroman
|
0-0: Ball 1-0: Foul Ball, location: 2F 1-1: Called Strike 1-2: Ground out 6-3 (Groundball, 6, EV 80.0 MPH)
|
Bottom of the 5th over - 1 run, 1 hit, 0 errors, 0 left on base; Colorado 3 - Los Angeles 2 |
TOP OF THE 6TH |
Colorado Rockies batting - Pitching for Los Angeles Dodgers : RHP Marcus Stroman
|
Batting: RHB Michael Brosseau
|
0-0: Ball 1-0: Foul Ball, location: 2F 1-1: Foul Ball, location: 2F 1-2: Strikes out swinging
|
Batting: RHB Orlando Arcia
|
0-0: Called Strike 0-1: Ball 1-1: Ball 2-1: Called Strike 2-2: Ground out U3 (Groundball, 34, EV 85.0 MPH)
|
Batting: RHB Jake Rogers
|
0-0: Ball 1-0: Ground out 5-3 (Groundball, 56, EV 85.6 MPH)
|
Top of the 6th over - 0 runs, 0 hits, 0 errors, 0 left on base; Colorado 3 - Los Angeles 2 |
BOTTOM OF THE 6TH |
Los Angeles Dodgers batting - Pitching for Colorado Rockies : RHP Brad Keller
|
Batting: RHB Mookie Betts
|
0-0: Called Strike 0-1: Ball 1-1: Ball 2-1: Called Strike 2-2: Ball 3-2: Foul Ball, location: 2F 3-2: SINGLE (Groundball, 6MD, EV 100.6 MPH)
|
Batting: LHB Ji-man Choi
|
0-0: Called Strike 0-1: Ball 1-1: Ball 2-1: Hit by Pitch Mookie Betts to second
|
Batting: LHB Michael Brantley
|
0-0: Ball 1-0: DOUBLE (Line Drive, 89D, EV 105.6 MPH) Mookie Betts scores Ji-man Choi to third
|
Batting: RHB Jonathan Schoop
|
0-0: Ball Wild Pitch! Ji-man Choi scores Michael Brantley to third 1-0: SINGLE (Line Drive, 78S, EV 111.3 MPH) Michael Brantley scores
|
Pitching: RHP Ian Gibaut
|
|
Batting: SHB Eduardo Escobar
|
0-0: Ball 1-0: Ball 2-0: Foul Ball, location: 2F 2-1: Swinging Strike 2-2: Fly out, F8 (Flyball, 89S, EV 85.6 MPH)
|
Batting: RHB Randal Grichuk
|
0-0: Swinging Strike 0-1: Ball 1-1: Called Strike 1-2: Fly out, F7 (Flyball, 78S, EV 95.0 MPH)
|
Batting: RHB Mike Zunino
|
0-0: Ball 1-0: Swinging Strike 1-1: Foul Ball, location: 2F 1-2: Ball 2-2: Strikes out swinging
|
Bottom of the 6th over - 3 runs, 3 hits, 0 errors, 1 left on base; Colorado 3 - Los Angeles 5 |
TOP OF THE 7TH |
Colorado Rockies batting - Pitching for Los Angeles Dodgers : RHP Marcus Stroman
|
Batting: RHB Jorge Mateo
|
0-0: Fly out, F9 (Line Drive, 9, EV 98.1 MPH)
|
Batting: LHB CJ Alexander
|
0-0: Ball 1-0: Foul Ball, location: 2F 1-1: Foul Ball, location: 2F 1-2: Strikes out swinging
|
Pinch Hitting: RHB Miguel Cabrera
|
0-0: Ground out 5-3 (Groundball, 56S, EV 77.5 MPH)
|
Top of the 7th over - 0 runs, 0 hits, 0 errors, 0 left on base; Colorado 3 - Los Angeles 5 |
BOTTOM OF THE 7TH |
Los Angeles Dodgers batting - Pitching for Colorado Rockies : RHP Ian Gibaut
|
Pitching: LHP Jeffrey Springs
|
|
Batting: SHB Richard Urena
|
0-0: Ball 1-0: SINGLE (Groundball, 6M, EV 97.5 MPH)
|
Pinch Hitting: LHB Brett Gardner
|
0-0: Ball 1-0: Foul Ball, location: 2F 1-1: Fly out, F8 (Flyball, 78D, EV 90.6 MPH)
|
Batting: RHB Mookie Betts
|
0-0: Called Strike 0-1: Foul Ball, location: 2F 0-2: Strikes out looking
|
Batting: LHB Ji-man Choi
|
0-0: Called Strike 0-1: Foul Ball, location: 2F 0-2: Ball 1-2: Ball 2-2: Ball 3-2: Ground out 4-3 (Groundball, 4, EV 85.0 MPH)
|
Bottom of the 7th over - 0 runs, 1 hit, 0 errors, 1 left on base; Colorado 3 - Los Angeles 5 |
TOP OF THE 8TH |
Colorado Rockies batting - Pitching for Los Angeles Dodgers : RHP Marcus Stroman
|
Pitching: RHP Cody Allen
|
|
Batting: RHB Christian Lopes
|
0-0: Ball 1-0: Called Strike 1-1: Called Strike 1-2: Ball 2-2: Strikes out swinging
|
Batting: SHB Victor Reyes
|
0-0: Foul Ball, location: 2F 0-1: Ball 1-1: Ball 2-1: Ball 3-1: SINGLE (Groundball, 56D, EV 105.6 MPH)
|
Batting: LHB Shohei Ohtani
|
0-0: Ball 1-0: Ball 2-0: Fly out, F8 (Line Drive, 8RD, EV 105.0 MPH)
|
Batting: RHB Michael Brosseau
|
0-0: Swinging Strike 0-1: Ball 1-1: Fly out, F8 (Flyball, 78D, EV 95.6 MPH)
|
Top of the 8th over - 0 runs, 1 hit, 0 errors, 1 left on base; Colorado 3 - Los Angeles 5 |
BOTTOM OF THE 8TH |
Los Angeles Dodgers batting - Pitching for Colorado Rockies : LHP Jeffrey Springs
|
Pitching: LHP Austin Davis
|
|
Batting: LHB Michael Brantley
|
0-0: Called Strike 0-1: Ball 1-1: Foul Ball, location: 2F 1-2: Strikes out swinging
|
Batting: RHB Jonathan Schoop
|
0-0: Ball 1-0: Ball 2-0: Ball 3-0: Called Strike 3-1: Swinging Strike 3-2: Foul Ball, location: 2F 3-2: Strikes out swinging
|
Batting: SHB Eduardo Escobar
|
0-0: Ball 1-0: Fly out, F9 (Flyball, 9LS, EV 83.1 MPH)
|
Bottom of the 8th over - 0 runs, 0 hits, 0 errors, 0 left on base; Colorado 3 - Los Angeles 5 |
TOP OF THE 9TH |
Colorado Rockies batting - Pitching for Los Angeles Dodgers : RHP Cody Allen
|
Pitching: RHP Jacob Barnes
|
|
Batting: RHB Orlando Arcia
|
0-0: Ball 1-0: Ball 2-0: Foul Ball, location: 2F 2-1: Foul Ball, location: 2F 2-2: Strikes out swinging
|
Batting: RHB Jake Rogers
|
0-0: Ball 1-0: Foul Ball, location: 2F 1-1: Foul Ball, location: 2F 1-2: Strikes out swinging
|
Batting: RHB Jorge Mateo
|
0-0: Ball 1-0: Ground out 5-3 (Groundball, 5, EV 99.4 MPH)
|
Top of the 9th over - 0 runs, 0 hits, 0 errors, 0 left on base; Colorado 3 - Los Angeles 5 |
|